 Dungeon Crawl Stone Soup version 0.30-b1-2-g02819fbbbe (webtiles) character file.

Game seed: 12658504194133989217

6879 Alarkh the Carver (level 10, 0/70 HPs)
             Began as a Demonspawn Warper on May 23, 2023.
             Was a Follower of Uskayaw.
             Slain by a shadow (27 damage)
             ... on level 10 of the Dungeon.
             The game lasted 00:20:10 (9921 turns).

Alarkh the Carver (Demonspawn Warper)               Turns: 9921, Time: 00:20:11

Health: 0/70       AC: 14    Str: 15      XL:     10   Next: 78%
Magic:  13/14      EV: 11    Int: 20 (21) God:    Uskayaw [*.....]
Gold:   552        SH:  5    Dex: 12      Spells: 6/15 levels left

rFire   . . .        a - +0 long sword (freeze)
rCold   . . .        (no shield)
rNeg    . . .        t - +1 ring mail "Inisy" {Int+3}
rPois   +            o - +0 helmet
rElec   .            Q - +2 cloak
rCorr   .            (no gloves)
SInv    .            F - +0 pair of boots
Will    .....        D - amulet of reflection
Stlth   +            k - ring of poison resistance
HPRegen 0.31/turn    (no ring)
MPRegen 0.14/turn

%: reflection
@: no status effects
A: icy blue scales 2, powered by death 1, condensation shield, demonic touch 1,
talons 1, deterioration 1, strong 1
a: Renounce Religion, Stomp


You were on level 10 of the Dungeon.
You worshipped Uskayaw.
Uskayaw was noncommittal.
You visited 2 branches of the dungeon, and saw 11 of its levels.

You collected 643 gold pieces.
You spent 91 gold pieces at shops.

Inventory:

Hand Weapons
 a - a +0 long sword of freezing (weapon)
 b - a +0 sling of freezing
 c - a +3 scimitar
 I - a +2 heavy falchion
 J - a +0 heavy long sword
Missiles
 d - 6 boomerangs of dispersal (quivered)
 u - 2 throwing nets
 G - a boomerang
 M - 2 silver boomerangs
Armour
 o - a +0 helmet (worn)
 t - the +1 ring mail "Inisy" (worn) {Int+3}
   (You found it on level 3 of the Dungeon)

   Int:       It affects your intelligence (+3).
 E - an orb of mayhem
 F - a +0 pair of boots (worn)
 Q - a +2 cloak (worn)
Magical Staves
 n - a staff of earth
Jewellery
 k - a ring of poison resistance (left hand)
 p - a ring of magical power
 z - a ring of fire
 D - an amulet of reflection (around neck)
 K - a +4 ring of protection
 L - a ring of ice
Wands
 w - a wand of quicksilver (9)
 x - a wand of digging (7)
 B - a wand of flame (7)
 R - a wand of paralysis (6)
Scrolls
 g - a scroll of magic mapping {unknown}
 h - 2 scrolls of enchant weapon
 i - a scroll of torment {unknown}
 m - 10 scrolls of teleportation
 q - 2 scrolls of immolation
 r - a scroll of identify
 s - a scroll of poison
 v - a scroll of fear
 y - a scroll of vulnerability
 A - 2 scrolls of enchant armour
 O - 2 scrolls of noise {unknown}
 P - a scroll of blinking
 U - a scroll of fog {unknown}
Potions
 e - 4 potions of attraction
 f - 2 potions of cancellation
 j - 2 potions of might
 l - a potion of ambrosia
 C - a potion of mutation
 H - a potion of heal wounds
 N - a potion of resistance
 S - a potion of lignification
 T - a potion of haste


   Skills:
 + Level 3.4 Fighting
 * Level 13.3 Long Blades
 - Level 0.8 Throwing
 + Level 2.8 Armour
 + Level 3.1 Dodging
 + Level 2.7 Stealth
 + Level 3.3 Spellcasting
 + Level 3.8 Translocations
 + Level 3.8 Invocations


You had 6 spell levels left.
You knew the following spells:

 Your Spells              Type           Power      Damage    Failure   Level
a - Blink                 Tloc           36%        N/A       9%          2
b - Teleport Other        Tloc           18%        N/A       16%         3
c - Manifold Assault      Tloc           18%        N/A       47%         4

Your spell library contained the following spells:

 Spells                   Type           Power      Damage    Failure   Level
 Apportation              Tloc           36%        N/A       5%          1
 Lesser Beckoning         Tloc           36%        N/A       9%          2
 Momentum Strike          Conj/Tloc      22%        3d8       19%         2
 Sting                    Tmut/Pois      12%        1d3       26%         1
 Vhi's Electric Charge    Tloc/Air       22%        N/A       34%         3
 Passwall                 Tmut/Erth      2%         N/A       38%         2
 Poisonous Vapours        Pois/Air       6%         N/A       38%         2
 Static Discharge         Conj/Air       6%         2-3/arc   38%         2
 Ozocubu's Armour         Ice            3%         N/A       63%         3
 Airstrike                Air            1%         2d(1-17)  95%         4
 Olgreb's Toxic Radiance  Pois           3%         N/A       95%         4
 Summon Lightning Spire   Summ/Air       3%         N/A       95%         4
 Alistair's Intoxication  Tmut/Pois      2%         N/A       100%        5
 Ozocubu's Refrigeration  Ice            1%         4d7       100%        7
 Storm Form               Tmut/Air       1%         N/A       100%        7


Dungeon Overview and Level Annotations

Branches:
Dungeon (10/15)            Temple (1/1) D:5            Lair (0/5) D:9
    Orc (0/2) D:9

Altars:
Ashenzari
Cheibriados
Dithmenos
Fedhas
Gozag
Hepliaklqana
Kikubaaqudgha
Makhleb
Nemelex Xobeh
Okawaru
Qazlal
Ru
Sif Muna
Trog
Uskayaw
Wu Jian
Xom
Yredelemnul

Shops:
D:4 ?   D:6 ([

Portals:
Abyss: D:3


Innate Abilities, Weirdness & Mutations

You are mostly covered in icy blue scales. (AC +3)
You regenerate a little health from kills.
A meltable shield of frost defends you. (SH +0)
Your touch may inflict minor irresistible damage on your foes.
You have sharp toenails.
Your body sometimes deteriorates upon taking damage.
Your muscles are strong. (Str +4, Int/Dex -1)


Message History

The plant begins to die.
The steam dragon bites you but does no damage.
The steam dragon claws you but does no damage.
You barely miss the steam dragon.
The steam dragon is moderately wounded.
A shadow comes into view.
The steam dragon breathes steam at you. The ball of steam hits you!
Your body deteriorates!
You feel dopey.
The plant is engulfed in a cloud of scalding steam.
The plant begins to die.
The steam dragon bites you.
The steam dragon claws you but does no damage.
You closely miss the steam dragon.
The steam dragon is moderately wounded.
You slash the steam dragon! You freeze the steam dragon.
The steam dragon is severely wounded.
A nearby plant withers and dies.
The steam dragon breathes steam at you. The ball of steam hits you.
You block the steam dragon's attack. The steam dragon claws you.
You hit the steam dragon. You freeze the steam dragon.
You touch the steam dragon.
You kill the steam dragon!
The shadow slips into darkness.
The shadow flickers and vanishes!
Deactivating autopickup; reactivate with Ctrl-A.
You can now pass through a line of other dancers.
A nearby plant withers and dies.
Found a crystal plate armour.
Casting: Teleport Other (dangerous; 16% risk of failure)
Confirm with . or Enter, or press ? or * to list all spells.
You blink.
You can no longer pass through a line of other dancers.
Casting: Blink (safe; 9% risk of failure)
Confirm with . or Enter, or press ? or * to list all spells.
You are still too unstable to blink.
You feel stable enough to blink again.
The shadow strikes at you from the darkness!
The shadow strikes at you from the darkness!
You die...

...................#
...................###..
........................
≈≈§≈.?....†._..PPPP..≈§≈
[..............!........
###.#........................#
#..#.......................#
#.#.....................#..
##...........@...........#
####....................#
#.....................#
##.................##
###................#
#............#####
###.....)[.....#
##...<<<....## ############


There were no monsters in sight!

Vanquished Creatures
  A two-headed ogre (D:7)
  A toenail golem (D:3)
  A kobold demonologist (D:10)
  2 hornets
  A shadow (D:9)
  3 wyverns (D:9)
  2 steam dragons
  An acid dragon (D:9)
  3 water moccasins (D:8)
  2 sky beasts
  An ice beast (D:5)
  2 orc warriors
  4 black bears
  An ogre (D:4)
  A phantom (D:6)
  2 centaurs
  2 kobold brigands (D:8)
  7 bullfrogs
  3 wyvern zombies (D:7)
  2 necrophages (D:7)
  2 gnoll sergeants (D:7)
  8 wights
  5 killer bees (D:9)
  The ghost of ketsa the Insei, a weakling DgTm (D:3)
  4 howler monkeys
  A bullfrog zombie (D:7)
  A centaur zombie (D:7)
  A human zombie (D:7)
  A jelly (D:6)
  A gnoll bouda (D:8)
  2 orc priests
  A hound (D:7)
  2 iguanas (D:4)
  8 orc wizards
  Terence (D:1)
  A killer bee zombie (D:7)
  Robin (D:2)
  A howler monkey zombie (D:7)
  10 adders
  28 gnolls
  2 shadow imps (D:3)
  3 white imps
  2 worms (D:2)
  A dart slug (D:4)
  25 orcs
  8 ball pythons
  An endoplasm (D:1)
  2 giant cockroaches
  17 goblins
  15 hobgoblins
  12 kobolds
  A quokka (D:4)
  A bat (D:2)
  3 frilled lizards
  3 rats
218 creatures vanquished.

Vanquished Creatures (others)
  An orc wizard (D:9)
  A gnoll (D:7)
  26 fungi (D:9)
  36 plants
64 creatures vanquished.

Grand Total: 282 creatures vanquished

Notes
Turn   | Place    | Note
-------+----------+-------------------------------------------
     0 | D:1      | Alarkh the Demonspawn Warper began the quest for the Orb.
     0 | D:1      | Reached XP level 1. HP: 16/16 MP: 3/3
    48 | D:1      | Reached skill level 2 in Long Blades
   135 | D:1      | Gained mutation: Your touch may inflict minor irresistible
                  | damage on your foes. [demonic ancestry]
   135 | D:1      | Reached XP level 2. HP: 17/22 MP: 5/5
   725 | D:2      | Noticed Robin
   803 | D:2      | Noticed Terence
   827 | D:1      | Killed Terence
   828 | D:1      | Reached skill level 3 in Long Blades
   828 | D:1      | Reached XP level 3. HP: 10/27 MP: 6/6
   918 | D:2      | Killed Robin
   960 | D:2      | Gained mutation: Your body sometimes deteriorates upon
                  | taking damage. [potion of mutation]
   960 | D:2      | Gained mutation: You have sharp toenails. [potion of
                  | mutation]
   960 | D:2      | Gained mutation: Your muscles are strong. (Str +4, Int/Dex
                  | -1) [potion of mutation]
  1096 | D:2      | Gained mutation: A meltable shield of frost defends you.
                  | (SH +0) [demonic ancestry]
  1096 | D:2      | Reached XP level 4. HP: 32/33 MP: 7/7
  1107 | D:2      | Reached skill level 4 in Long Blades
  1359 | D:2      | Found a faded altar of an unknown god.
  1545 | D:3      | Identified the +1 ring mail "Inisy" {Int+3}
  1608 | D:3      | Found a hazy altar of Hepliaklqana.
  1699 | D:3      | Gained mutation: You are partially covered in icy blue
                  | scales. (AC +2) [demonic ancestry]
  1699 | D:3      | Reached XP level 5. HP: 38/38 MP: 8/8
  1740 | D:3      | Found a transporter.
  1745 | D:3      | Found a one-way gate to the infinite horrors of the Abyss.
  1745 | D:3      | Found a transporter.
  1756 | D:3      | Noticed ketsa's ghost (weakling DgTm)
  2086 | D:3      | Noticed a toenail golem
  2188 | D:4      | Reached skill level 5 in Long Blades
  2208 | D:4      | Found an iron altar of Okawaru.
  2221 | D:4      | Found Adghonli's Magic Scroll Boutique.
  2237 | D:4      | Bought a scroll of teleportation for 39 gold pieces
  2237 | D:4      | Bought a scroll of fear for 52 gold pieces
  2351 | D:4      | Reached XP level 6. HP: 34/44 MP: 9/9
  2358 | D:4      | Found a shimmering altar of Xom.
  2427 | D:3      | Learned a level 2 spell: Blink
  2431 | D:3      | Learned a level 3 spell: Teleport Other
  2436 | D:3      | Learned a level 4 spell: Manifold Assault
  2446 | D:4      | Reached skill level 6 in Long Blades
  2533 | D:4      | You fall into a shaft and drop 3 floors!
  2542 | D:7      | Found a shimmering blue altar of Sif Muna.
  2607 | D:7      | Noticed an orc warrior
  2733 | D:5      | Entered Level 5 of the Dungeon
  2745 | D:5      | Found a staircase to the Ecumenical Temple.
  2848 | D:4      | Found a sacrificial altar of Ru.
  3336 | D:5      | Reached skill level 7 in Long Blades
  3336 | D:5      | Reached XP level 7. HP: 14/50 MP: 10/10
  3704 | D:5      | Found a hide-covered altar of Uskayaw.
  3706 | D:5      | Noticed a +0 dagger
  3707 | D:5      | Noticed a +0 hand axe
  3753 | D:5      | Became a worshipper of Uskayaw the Reveller
  3779 | Temple   | Entered the Ecumenical Temple
  3924 | D:5      | Found a stormy altar of Qazlal.
  4069 | D:6      | Found a sparkling altar of Nemelex Xobeh.
  4078 | D:6      | Reached * piety under Uskayaw
  4166 | D:6      | Reached ** piety under Uskayaw
  4207 | D:6      | Found Deolucre's Armour Shoppe.
  4223 | D:6      | Reached skill level 8 in Long Blades
  4223 | D:6      | Reached *** piety under Uskayaw
  4623 | D:6      | Reached XP level 8. HP: 24/56 MP: 11/11
  4995 | D:6      | Found Qeneoronn's Weapon Boutique.
  5018 | D:6      | Reached skill level 9 in Long Blades
  5697 | D:7      | Noticed a two-headed ogre
  5733 | D:7      | Killed a two-headed ogre
  5733 | D:7      | Reached **** piety under Uskayaw
  5734 | D:7      | Reached skill level 10 in Long Blades
  5739 | D:7      | Reached skill level 11 in Long Blades
  5739 | D:7      | Gained mutation: You regenerate a little health from kills.
                  | [demonic ancestry]
  5739 | D:7      | Reached XP level 9. HP: 11/61 MP: 12/12
  6246 | D:7      | Reached ***** piety under Uskayaw
  6273 | D:7      | Found an ancient bone altar of Kikubaaqudgha.
  6327 | D:7      | Reached skill level 12 in Long Blades
  6681 | D:7      | Found a bloodstained altar of Trog.
  6728 | D:7      | Got Sif Muna's Folio of the Lithosphere
  7490 | D:8      | Reached skill level 1 in Armour
  7660 | D:8      | Found a basalt altar of Yredelemnul.
  8276 | D:9      | Reached skill level 1 in Invocations
  8301 | D:9      | Reached skill level 1 in Stealth
  8301 | D:9      | Gained mutation: You are mostly covered in icy blue scales.
                  | (AC +3) [demonic ancestry]
  8301 | D:9      | Reached XP level 10. HP: 45/67 MP: 13/13
  8852 | D:3      | Killed ketsa's ghost
  8938 | D:3      | Killed a toenail golem
  8939 | D:3      | Reached skill level 13 in Long Blades
  9261 | D:9      | Found a staircase to the Lair.
  9266 | D:9      | Reached ****** piety under Uskayaw
  9669 | D:9      | Noticed a smoke demon
  9678 | D:10     | Entered Level 10 of the Dungeon
  9734 | D:9      | Found a staircase to the Orcish Mines.
  9893 | D:10     | Found a broken altar of Ashenzari.
  9921 | D:10     | Slain by a shadow

Illustrated notes

Levels and vault maps discovered:
D:1:      lightli_iron_boxes, layout_loops_ring, minmay_misc_feat_four_crosses
D:2:      minmay_spotlight, layout_rooms,
          shapermc_ecumenical_altar_mp_ritualfount, kennysheep_cluttered_room,
          serial_park_tiny_2, minmay_split_cup_large, uniq_terence, uniq_robin
D:3:      layout_basic, nzn_hepliaklqana_mist_gate,
          gammafunk_ghost_abyssal_escape
D:4:      layout_cave_pools, old_standard_altar, nicolae_ru_awakened_eye,
          mainiacjoe_overflow_surrounded_room, elyvilon_altar_3, serial_shops,
          shop
D:5:      layout_cave_pools, dancing_weapons_uskayaw,
          nicolae_qazlal_general_emergency, minmay_temple_entry_large_hall
D:6:      layout_loops_cross, mainiacjoe_overflow_tiny_flanked, serial_shops,
          nicolae_stop_n_shop_1, nicolae_shop_behind_doors,
          chequers_serial_rivers_large_b
D:7:      kennysheep_big_flooded_room, layout_loops_ring,
          nzn_overflow_gifts_of_might_and_magic,
          lemuel_mausoleum_altar_kikubaaqudgha, hangedman_abyss_or_decor_stagger
D:8:      layout_layer_cave, mainiacjoe_overflow_alcove_4
D:9:      layout_gridville, due_lair_maze_entry_diamond, orc_0_dummy
D:10:     layout_big_octagon, lemuel_tele_altar, zin_statuary,
          mainiacjoe_overflow_boulevard
Temple:   hellmonk_temple_beads

Skill      XL: |  1  2  3  4  5  6  7  8  9 10 |
---------------+-------------------------------+-----
Long Blades    | 2 3 4 5 7 8 11 12 13 | 13.3
Armour         | 1 2 |  2.8
Dodging        | 2 3 |  3.1
Invocations    | 1 3 |  3.8
Stealth        | 1 2 |  2.7
Translocations | 3 |  3.8
Fighting       | 3 |  3.4
Spellcasting   | 3 |  3.3
Throwing       | |  0.8

Action                     |  1- 3 |  4- 6 |  7- 9 | 10-12 || total
---------------------------+-------+-------+-------+-------++-------
  Melee: Falchion          |    81 |   208 |   162 |       ||   451
         Touch             |     6 |    34 |    83 |    25 ||   148
         Kick              |       |    47 |     7 |       ||    54
         Punch             |       |     1 |     4 |     1 ||     6
         Long sword        |       |       |   304 |   177 ||   481
   Fire: Sling             |     7 |    11 |     3 |       ||    21
  Throw: Boomerang         |       |     1 |       |       ||     1
   Cast: Blink             |       |       |       |     3 ||     3
         Teleport Other    |       |       |       |     1 ||     1
  Evoke: Wand              |       |       |       |     1 ||     1
    Use: Potion            |     2 |     4 |     1 |     1 ||     8
         Scroll            |     1 |     1 |     8 |     5 ||    15
   Stab: Paralysed         |       |       |    14 |    10 ||    24
 Armour: Leather armour    |    21 |     6 |       |       ||    27
         Ring mail         |       |    72 |   167 |    61 ||   300
  Dodge: Dodged            |    58 |    80 |   183 |    72 ||   393
  Block: Other             |       |    37 |   176 |    67 ||   280
         Reflection        |       |       |     5 |     2 ||     7
